 Dungeon Crawl Stone Soup version 0.19.5 (webtiles) character file.

3836 JeffiDaFish the Basher (level 10, 0/63 HPs)
             Began as a Gargoyle Fighter on Sept 13, 2017.
             Was an Initiate of Okawaru.
             Slain by a manticore (10 damage)
             ... on level 8 of the Dungeon on Sept 14, 2017.
             The game lasted 00:16:22 (6817 turns).

JeffiDaFish the Basher (Gargoyle Fighter)           Turns: 6817, Time: 00:16:22

Health: 0/63       AC: 21    Str: 22    XL:     10   Next: 18%
Magic:  10/10      EV: 13    Int: 10    God:    Okawaru [......]
Gold:   447        SH: 13    Dex: 19    Spells: 0 memorised, 9 levels left

rFire  . . .     SeeInvis .     t - +2 whip (flame)
rCold  . . .     Gourm    +     o - +0 chain mail
rNeg   + . .     Faith    .     c - +1 shield
rPois  ∞         Spirit   .     s - +0 hat
rElec  +         Reflect  .     (no cloak)
rCorr  .         Harm     .     (no gloves)
MR     .....     Clarity  +     r - +1 pair of boots
Stlth  ..........               i - amulet of the gourmand
                                (no ring)
                                e - +3 ring of strength

@: agile, barbed spikes
A: slimy green scales 1, agile 1, blurry vision 1, clarity, negative energy
resistance 1, electricity resistance, unbreathing, petrification resistance, rot
immunity, AC +7
a: Renounce Religion


You were on level 8 of the Dungeon.
You worshipped Okawaru.
Okawaru was noncommittal.
You were completely stuffed.

You visited 2 branches of the dungeon, and saw 9 of its levels.

You collected 447 gold pieces.

Inventory:

Hand Weapons
 a - a +1 flail
 t - a +2 whip of flaming (weapon)
Armour
 c - a +1 shield (worn)
 o - a +0 chain mail (worn)
 r - a +1 pair of boots (worn)
 s - a +0 hat (worn)
Jewellery
 e - a +3 ring of strength (left hand)
 i - an amulet of the gourmand (around neck)
Scrolls
 l - 2 scrolls of fear
 m - 4 scrolls of identify
 n - 2 scrolls of teleportation
 p - 5 scrolls of remove curse
 v - a scroll of recharging
 w - a scroll of blinking
Potions
 b - a potion of magic
Comestibles
 f - 4 bread rations
 g - 5 meat rations
 h - 4 slices of pizza
 j - 3 fruits
 k - a royal jelly
 q - 2 beef jerkies
 x - 5 chunks of flesh


   Skills:
 + Level 7.1 Fighting
 + Level 9.8 Maces & Flails
 + Level 6.3 Armour
 + Level 2.6 Dodging
 + Level 1.2 Stealth
 + Level 7.9 Shields


You had 9 spell levels left.
You didn't know any spells.

Dungeon Overview and Level Annotations

Branches:
Dungeon (8/15)             Temple (1/1) D:4
   Lair: D:8-11

Altars:
Ashenzari
Cheibriados
Dithmenos
Elyvilon
Fedhas
Gozag
Hepliaklqana
Kikubaaqudgha
Makhleb
Nemelex Xobeh
Okawaru
Qazlal
Ru
Sif Muna
Trog
Uskayaw
Vehumet
Xom
Yredelemnul
Zin
The Shining One

Shops:
D:7 :

Annotations:
D:6 1 runed door


Innate Abilities, Weirdness & Mutations

You are resistant to torment.
Your stone body is resilient. (AC +7)
You are immune to poison.
You resist negative energy. (rN+)
You are resistant to electric shocks. (rElec)
You can survive without breathing.
You are immune to petrification.
You are immune to rotting.
You are partially covered in slimy green scales. (AC +2)
You are agile. (Dex +2)
Scrolls take you a little longer to read.
You possess an exceptional clarity of mind.


Message History

Reactivating autopickup.
The sky beast hits you but does no damage.
The worker ant barely misses you. The manticore bites you!
* * * LOW HITPOINT WARNING * * *
You block the manticore's attack. x2
You feel better.
The sky beast hits you but does no damage.
You block the worker ant's attack. The manticore bites you.
* * * LOW HITPOINT WARNING * * *
The manticore barely misses you. The manticore misses you.
You hit the manticore. You burn the manticore.
The manticore is heavily wounded.
The sky beast barely misses you. You block the worker ant's attack.
Really read with blurry vision while enemies are nearby?
The manticore barely misses you. You block the manticore's attack.
The manticore claws you but does no damage.
You begin reading the scroll.
You continue reading the scroll.
You block the worker ant's attack. You block the sky beast's attack.
The manticore bites you!
You die...

#....# #.#.## #.#.#
#######.#.#########
#....##...........#
#.................#
#.....#...........# #
###...#.##..####a..##...
#...#.........)@Y.......
#.###.......####H.####..
#.>.........# #..#
##########.### .....
#..........# ......#
#.......#### T........
#.......# ..........#
#.......# O5Y..%$....!!
#.......# .r....!%....[$


You could see a manticore, a sky beast and a worker ant.

Vanquished Creatures
  Pikel (D:7)
  The ghost of jesse the Archer, a novice HEHu (D:6)
  A troll (D:8)
  Grinder (D:3)
  A hornet (D:8)
  The ghost of JeffiDaFish the Shield-Bearer, an amateur GrFi (D:4)
  Sigmund (D:4)
  A water moccasin (D:7)
  An ice beast (D:5)
  A phantom (D:5)
  6 ogres
  A centaur (D:5)
  A big kobold (D:8)
  2 scorpions (D:6)
  6 crimson imps
  3 jellies
  4 hounds
  2 bullfrog skeletons
  A centaur skeleton (D:6)
  An orc wizard (D:4)
  2 iguanas
  13 worker ants
  2 worker ant zombies
  4 gnolls (D:4)
  11 adders
  3 shadow imps
  An ooze (D:1)
  An adder skeleton (D:4)
  2 worms (D:3)
  The ghost of JeffiDaFish the Stinger, a weakling DrVM (D:5)
  3 dart slugs
  5 leopard geckos
  11 orcs
  5 bats
  12 giant cockroaches
  6 goblins
  10 hobgoblins
  7 jackals
  9 kobolds
  6 quokkas
  6 frilled lizards
  A jackal skeleton (D:4)
  A jackal zombie (D:5)
  A leopard gecko skeleton (D:4)
  A quokka skeleton (D:4)
  6 rats
167 creatures vanquished.

Notes
Turn   | Place    | Note
-------+----------+-------------------------------------------
     0 | D:1      | JeffiDaFish the Gargoyle Fighter began the quest for the Orb.
     0 | D:1      | Reached XP level 1. HP: 14/14 MP: 1/1
   287 | D:1      | Reached XP level 2. HP: 19/19 MP: 2/2
   644 | D:2      | Found a burning altar of Makhleb.
   655 | D:2      | Reached skill level 3 in Maces & Flails
   655 | D:2      | Reached XP level 3. HP: 14/23 MP: 3/3
   939 | D:2      | Reached XP level 4. HP: 25/28 MP: 4/4
  1761 | D:3      | Noticed Grinder
  1765 | D:3      | Paralysed by Grinder for 3 turns
  1776 | D:3      | Killed Grinder
  1776 | D:3      | Reached skill level 4 in Maces & Flails
  1776 | D:3      | Reached skill level 1 in Dodging
  1776 | D:3      | Reached XP level 5. HP: 30/33 MP: 5/5
  1776 | D:3      | Reached XP level 6. HP: 35/38 MP: 6/6
  2383 | D:3      | Reached skill level 5 in Maces & Flails
  2488 | D:4      | Found a staircase to the Ecumenical Temple.
  2488 | D:4      | Noticed Sigmund
  2495 | D:4      | Killed Sigmund
  2495 | D:4      | Reached XP level 7. HP: 44/44 MP: 7/7
  2521 | Temple   | Entered the Ecumenical Temple
  2822 | D:4      | Noticed JeffiDaFish's ghost (amateur GrFi)
  2951 | D:4      | Killed JeffiDaFish's ghost
  2951 | D:4      | Reached skill level 6 in Maces & Flails
  3129 | D:4      | Gained mutation: You are partially covered in slimy green scales. (AC +2) [potion of beneficial mutation]
  3150 | D:4      | Reached skill level 5 in Fighting
  3492 | D:4      | Reached XP level 8. HP: 49/49 MP: 8/8
  3650 | D:4      | Reached skill level 5 in Shields
  3751 | D:5      | Entered Level 5 of the Dungeon
  3929 | D:5      | Reached skill level 7 in Maces & Flails
  4199 | D:5      | Noticed JeffiDaFish's ghost (weakling DrVM)
  4214 | D:5      | Killed JeffiDaFish's ghost
  4728 | D:5      | Reached skill level 5 in Armour
  4745 | D:5      | Reached skill level 8 in Maces & Flails
  4895 | D:6      | Reached XP level 9. HP: 55/55 MP: 9/9
  4980 | D:6      | Gained mutation: You are agile. (Dex +2) [potion of mutation]
  4980 | D:6      | Gained mutation: Scrolls take you a little longer to read. [potion of mutation]
  4980 | D:6      | Gained mutation: You possess an exceptional clarity of mind. [potion of mutation]
  5011 | D:6      | Found a shadowy altar of Dithmenos.
  5041 | D:6      | Noticed jesse's ghost (novice HEHu)
  5048 | D:6      | Killed jesse's ghost
  5099 | D:6      | Found a runed door.
  5148 | D:6      | Found a runed door.
  5406 | D:6      | Found a sparkling altar of Nemelex Xobeh.
  5463 | D:6      | Found a deep blue altar of Sif Muna.
  5681 | D:7      | Reached skill level 9 in Maces & Flails
  5892 | D:7      | Found Eggin's Book Shop.
  5974 | D:7      | Noticed Pikel
  5989 | D:7      | Killed Pikel
  5989 | D:7      | Reached skill level 1 in Stealth
  6082 | D:7      | Noticed an angel
  6083 | D:7      | Found a glowing silver altar of Zin.
  6245 | D:7      | Found an opulent altar of Gozag.
  6259 | D:7      | Found an iron altar of Okawaru.
  6262 | D:7      | Became a worshipper of Warmaster Okawaru
  6563 | D:8      | Reached XP level 10. HP: 61/61 MP: 10/10
  6795 | D:8      | Noticed a manticore
  6817 | D:8      | Slain by a manticore

Skill      XL: |  1  2  3  4  5  6  7  8  9 10 |
---------------+-------------------------------+-----
Maces & Flails | 3 4 5 6 8 9 |  9.8
Shields        | 4 5 7 |  7.9
Fighting       | 4 5 6 7 |  7.1
Armour         | 4 5 6 |  6.3
Dodging        | 1 2 |  2.6
Stealth        | 1 |  1.2

Action                   |  1- 3 |  4- 6 |  7- 9 | 10-12 || total
-------------------------+-------+-------+-------+-------++-------
Melee: Flail             |    82 |   174 |   421 |       ||   677
       Whip              |       |       |    89 |    88 ||   177
  Use: Scroll            |     3 |     4 |     4 |       ||    11
       Potion            |     2 |     5 |     7 |     3 ||    17
  Eat: Chunk             |       |    19 |    10 |     4 ||    33
Armor: Scale mail        |    54 |    71 |   112 |       ||   237
       Chain mail        |       |       |    95 |    36 ||   131
Dodge: Dodged            |    31 |    51 |   134 |    23 ||   239
Block: Shield            |    44 |    73 |   266 |    50 ||   433
